 Dungeon Crawl Stone Soup version 0.25-a0-424-g80bd347ae0 (webtiles) character file.

Game seed: 11219247583234464151, levelgen mode: deterministic

6790 DerDa the Destroyer (level 11, -2/81 HPs)
             Began as a Naga Wizard on Jan 21, 2020.
             Was an Elder of Sif Muna.
             Slain by a yak (11 damage)
             ... on level 9 of the Dungeon.
             The game lasted 00:48:21 (10292 turns).

DerDa the Destroyer (Naga Wizard)                  Turns: 10292, Time: 00:48:22

Health: -2/81      AC:  7    Str: 10    XL:     11   Next: 5%
Magic:  15/33      EV: 10    Int: 22    God:    Sif Muna [****..]
Gold:   365        SH:  0    Dex:  9    Spells: 20/29 levels left

rFire    + . .     SeeInvis +   K - +3 quarterstaff
rCold    + . .     Gourm    .   (shield currently unavailable)
rNeg     . . .     Faith    .   a - +0 robe
rPois    +         Spirit   .   H - +1 helmet
rElec    .         Reflect  .   F - +0 cloak of the Marlin {+Inv rC+} (curse)
rCorr    .         Harm     .   (no gloves)
MR       +....                  (no barding)
Stlth    ++........             (no amulet)
HPRegen  0.23/turn              x - ring of magical power
MPRegen  0.23/turn              b - ring of protection from fire

@: short of breath, very slow
A: large, see invisible, deformed body, poison resistance, slowness 2, slow
metabolism 1, spit poison 1, AC +3
a: Spit Poison, Channel Magic, Forget Spell, Divine Exegesis, Renounce Religion,
Evoke Invisibility


You were on level 9 of the Dungeon.
You worshipped Sif Muna.
Sif Muna was greatly pleased with you.
You were hungry.

You visited 2 branches of the dungeon, and saw 10 of its levels.

You collected 365 gold pieces.

Inventory:

Hand Weapons
 k - a +0 club
 v - a +0 falchion
 B - a +0 hand axe of electrocution
 K - a +3 quarterstaff (weapon)
 L - a +0 long sword
 N - a +2 mace of draining
Missiles
 l - 325 stones
 t - 43 poisoned darts (quivered)
 u - 61 sling bullets
 M - 2 atropa-tipped darts
 P - 2 throwing nets
Armour
 a - a +0 robe (worn)
 c - a scarf of repulsion
 F - the cursed +0 cloak of the Marlin (worn) {+Inv rC+}
   (You found it on level 6 of the Dungeon)

   It protects you from cold.
   It lets you turn invisible.
   It has a curse placed upon it.
 H - a +1 helmet (worn)
 O - a scarf of cloud immunity
Jewellery
 b - a ring of protection from fire (right hand)
 x - a ring of magical power (left hand)
 I - an uncursed ring of flight {unknown}
Wands
 p - a wand of digging (6)
 s - a wand of disintegration (2)
 Q - a wand of enslavement (11)
Scrolls
 e - 4 scrolls of enchant armour
 j - 9 scrolls of remove curse
 r - 3 scrolls of fear
 w - 4 scrolls of blinking
 y - a scroll of amnesia
 z - a scroll of magic mapping
 C - a scroll of teleportation
 E - a scroll of summoning {unknown}
 G - a scroll of random uselessness {unknown}
 J - 2 scrolls of identify
Potions
 f - 2 potions of haste
 g - 2 potions of ambrosia {unknown}
 h - a potion of curing
 i - a potion of lignification {unknown}
 m - a potion of brilliance {unknown}
 n - a potion of might {unknown}
 o - 5 potions of agility
 q - 2 potions of degeneration {unknown}
 A - a potion of resistance
 D - 4 potions of heal wounds {unknown}
 S - a potion of berserk rage {unknown}
 T - a potion of mutation {unknown}
Comestibles
 d - 16 rations


   Skills:
 - Level 1.5 Dodging
 - Level 3.0 Stealth
 * Level 9.7 Spellcasting
 * Level 9.9 Conjurations
   Level 1.0 Summonings
 - Level 1.0 Translocations
 - Level 7.0 Poison Magic
 + Level 5.8 Invocations
 - Level 4.0 Evocations


You had 20 spell levels left.
You knew the following spells:

 Your Spells              Type           Power        Failure   Level  Hunger
a - Magic Dart            Conj           ####         1%          1    None
b - Mephitic Cloud        Conj/Pois/Air  #####...     1%          3    None
c - Conjure Flame         Conj/Fire      ####....     2%          3    None
q - Blink                 Tloc           N/A          6%          2    None

Your spell library contained the following spells:

 Spells                   Type           Power        Failure   Level  Hunger
 Call Imp                 Summ           ###.....     6%          2    None
 Slow                     Hex            ##......     10%         2    None


Dungeon Overview and Level Annotations

Branches:
Dungeon (9/15)             Temple (1/1) D:5
   Lair: D:8-11         Orc: D:9-12

Altars:
Ashenzari
Cheibriados
Dithmenos
Elyvilon
Fedhas
Gozag
Hepliaklqana
Kikubaaqudgha
Makhleb
Nemelex Xobeh
Okawaru
Qazlal
Ru
Sif Muna
Trog
Uskayaw
Vehumet
Wu Jian
Xom
Yredelemnul
Zin
The Shining One

Shops:
D:8 [


Innate Abilities, Weirdness & Mutations

You cannot wear boots.
Your serpentine skin is tough. (AC +3)
You have supernaturally acute eyesight. (SInv)
Armour fits poorly on your strangely shaped body.
Your system is resistant to poisons. (rPois)
You cover ground very slowly.
You have a slow metabolism.
You can spit poison.


Message History

You are feeling hungry.
The yak gores you!
* * * LOW HITPOINT WARNING * * *
The yak is engulfed in noxious fumes.
The yak appears confused.
Unknown command.
Okay, then.
You feel better. The yak gores you.
* * * LOW HITPOINT WARNING * * *
Unknown command.
Casting: Mephitic Cloud (safe; 1% risk of failure)
Confirm with . or Enter, or press ? or * to list all spells.
Aiming: Mephitic Cloud (safe; 1% risk of failure)
Press: ? - help, Shift-Dir - straight line, f/p - yak
Aim: a yak (almost dead)
The ball explodes into a vile cloud!
The stinking cloud engulfs the yak but does no damage.
The yak is almost dead.
The stinking cloud engulfs you but does no damage.
The yak is engulfed in noxious fumes.
The yak gores you!
You die...

.............[.......... ....
#...................## ...####
#...................#
...#..######...................#
...#...........................##
...#............Y................
...#....########Y########........
...#....# #☼# #...#####
..÷'....########@########...#####
...#...........○°Y.........†.....
####............§☼..........<####
......############...........####
.................................
.................................
############..###########........
#..# #...##### #..# #...#


You could see 3 yaks.

Vanquished Creatures
  Harold (D:8)
  5 hippogriffs
  3 yaks (D:9)
  A hungry ghost (D:9)
  Menkaure (D:6)
  3 sky beasts
  An ice beast (D:8)
  2 orc warriors
  A phantom (D:5)
  A necrophage (D:7)
  3 ogres
  3 centaurs
  2 bullfrogs
  A scorpion (D:4)
  25 killer bees
  A howler monkey (D:9)
  5 crimson imps
  A bullfrog zombie (D:8)
  A centaur zombie (D:8)
  A quasit (D:5)
  8 hounds
  2 bullfrog skeletons
  7 orc priests
  3 centaur skeletons
  6 jellies
  15 orc wizards
  Jessica (D:2)
  Natasha (thrice) (D:2)
  An iguana (D:7)
  7 worker ants
  A hound zombie (D:5)
  A howler monkey skeleton (D:5)
  A howler monkey zombie (D:9)
  2 worker ant zombies
  5 gnolls
  9 adders
  An ooze (D:1)
  2 adder zombies (D:7)
  A worm (D:5)
  2 dart slugs
  5 leopard geckos
  51 orcs
  3 giant cockroaches
  7 goblins
  6 hobgoblins
  9 jackals
  6 kobolds
  8 quokkas
  A ball python (D:4)
  8 bats
  2 frilled lizards
  3 leopard gecko skeletons
  12 rats
  A spectral orc (D:7)
262 creatures vanquished.

Vanquished Creatures (collateral kills)
  2 killer bees
2 creatures vanquished.

Vanquished Creatures (others)
  A killer bee (D:8)
1 creature vanquished.

Grand Total: 265 creatures vanquished

Notes
Turn   | Place    | Note
-------+----------+-------------------------------------------
     0 | D:1      | DerDa the Naga Wizard began the quest for the Orb.
     0 | D:1      | Reached XP level 1. HP: 15/15 MP: 4/4
   294 | D:1      | Reached XP level 2. HP: 22/22 MP: 1/6
  1151 | D:2      | Reached XP level 3. HP: 28/28 MP: 4/7
  1328 | D:2      | Noticed Natasha
  1347 | D:2      | Killed Natasha
  1377 | D:2      | Reached XP level 4. HP: 36/36 MP: 5/9
  1456 | D:2      | Noticed Jessica
  1494 | D:2      | Killed Jessica
  1596 | D:2      | Noticed Natasha
  1600 | D:2      | Killed Natasha
  1600 | D:2      | Reached XP level 5. HP: 42/42 MP: 7/11
  1600 | D:2      | Noticed Natasha
  1609 | D:2      | Killed Natasha
  2290 | D:3      | Reached XP level 6. HP: 49/49 MP: 6/13
  2705 | D:3      | Reached skill level 5 in Spellcasting
  2982 | D:3      | Learned a level 3 spell: Mephitic Cloud
  2986 | D:3      | Learned a level 3 spell: Conjure Flame
  2989 | D:3      | Learned a level 2 spell: Blink
  2997 | D:3      | Reached skill level 5 in Conjurations
  2997 | D:3      | Reached XP level 7. HP: 55/55 MP: 4/15
  3102 | D:3      | Found a burning altar of Makhleb.
  3112 | D:3      | Noticed a green death
  3115 | D:3      | Noticed a neqoxec
  3115 | D:3      | Noticed an orange demon
  3569 | D:3      | Found a shimmering blue altar of Sif Muna.
  3580 | D:3      | Became a worshipper of Sif Muna the Loreminder
  3585 | D:3      | Reached skill level 1 in Poison Magic
  3832 | D:3      | Reached skill level 1 in Evocations
  4475 | D:4      | Found a white marble altar of Elyvilon.
  4776 | D:5      | Entered Level 5 of the Dungeon
  4801 | D:5      | Reached * piety under Sif Muna
  4801 | D:5      | Reached XP level 8. HP: 62/62 MP: 17/17
  5071 | D:5      | Found a staircase to the Ecumenical Temple.
  5104 | Temple   | Entered the Ecumenical Temple
  5819 | D:5      | Reached skill level 1 in Invocations
  6261 | D:6      | Reached ** piety under Sif Muna
  6285 | D:6      | Noticed a +0 hand axe
  6287 | D:6      | Noticed a +0 hand axe
  6309 | D:6      | Found a hide-covered altar of Uskayaw.
  6323 | D:6      | Reached XP level 9. HP: 43/68 MP: 12/19
  6423 | D:6      | Got a polished cloak
  6433 | D:6      | Identified the cursed +0 cloak of the Marlin {+Inv rC+}
                  | (You found it on level 6 of the Dungeon)
  6548 | D:6      | Noticed Menkaure
  6554 | D:6      | Killed Menkaure
  7310 | D:7      | Reached skill level 5 in Poison Magic
  7366 | D:8      | Found Joef's Armour Boutique.
  7662 | D:7      | Reached *** piety under Sif Muna
  7889 | D:7      | Found a basalt altar of Yredelemnul.
  7958 | D:7      | Reached XP level 10. HP: 74/74 MP: 19/22
  8223 | D:8      | Noticed Harold
  8240 | D:8      | Killed Harold
  8868 | D:8      | Reached **** piety under Sif Muna
  9071 | D:9      | Reached skill level 5 in Invocations
 10135 | D:9      | Reached XP level 11. HP: 48/81 MP: 17/24
 10290 | D:9      | HP: 4/81 [yak (16)]
 10292 | D:9      | Slain by a yak

Levels and vault maps discovered:
D:1:      roderic_chinese_lattice_arrival, layout_basic, minmay_tetromino_o2
D:2:      layout_basic, first_ration, minmay_tiny_reverse_x, uniq_jessica,
          uniq_natasha
D:3:      layout_basic, led_sif_book, makhleb_altar_promises_db
D:4:      layout_loops_corners, elyvilon_altar_3
D:5:      layout_loops_ring, minmay_temple_entry_tees, kennysheep_nub,
          grunt_ministairs_10, hangedman_abyss_or_decor_stabs
D:6:      layout_basic, dancing_weapons_uskayaw, nicolae_zen_rock_garden,
          uniq_menkaure
D:7:      layout_gridville, yredelemnul_forgotten_temple_becter,
          serial_bayou_pond_d
D:8:      layout_basic, serial_shops, shop, uniq_harold
D:9:      kennysheep_blocky_hall, layout_long_grid, david_nohive_1
Temple:   hc_temple_tempest_star

Skill      XL: |  1  2  3  4  5  6  7  8  9 10 |
---------------+-------------------------------+-----
Conjurations   | 2 3 4 5 6 8 9 |  9.9
Spellcasting   | 4 5 6 7 8 9 |  9.7
Poison Magic   | 2 4 5 7 |  7.0
Evocations     | 1 3 4 |  4.0
Invocations    | 2 4 5 |  5.8
Dodging        | |  1.5
Stealth        | |  3.0
Summonings     | |  1.0
Translocations | |  1.0

Action                   |  1- 3 |  4- 6 |  7- 9 | 10-12 || total
-------------------------+-------+-------+-------+-------++-------
Melee: Club              |     1 |     4 |    13 |       ||    18
       Falchion          |       |       |    17 |       ||    17
       Quarterstaff      |       |       |       |    33 ||    33
Throw: Dart              |       |     6 |       |     3 ||     9
 Cast: Magic Dart        |    59 |    73 |   436 |   262 ||   830
       Mephitic Cloud    |       |     1 |    14 |    24 ||    39
       Conjure Flame     |       |       |     2 |     3 ||     5
 Abil: Spit Poison       |     9 |     9 |    41 |    32 ||    91
       Evoke Invisibilit |       |       |       |     1 ||     1
Evoke: Wand              |       |     5 |     8 |     6 ||    19
  Use: Scroll            |       |     4 |     5 |     1 ||    10
       Potion            |       |     3 |       |     2 ||     5
 Stab: Invisible         |       |       |       |     1 ||     1
  Eat: Chunk             |     1 |     4 |    16 |     5 ||    26
       Ration            |       |       |       |     1 ||     1
Armor: Robe              |     3 |    11 |    43 |    76 ||   133
Dodge: Dodged            |    30 |    47 |   106 |   162 ||   345
       Rpst.: Falchion   |       |       |    32 |       ||    32

Table legend:
 A = Non-vault XP
 B = Vault XP
 C = Vault XP percentage of total XP
 D = Non-vault monster count
 E = Vault monster count
 F = Vault count percentage of total count
                 A         B        C        D         E       F
            +---------+---------+-------+---------+---------+-------
      Total |    7534 |    2166 |  22.3 |     239 |      26 |   9.8
            +---------+---------+-------+---------+---------+-------
        D:1 |      31 |       2 |   6.1 |      17 |       1 |   5.6
        D:2 |     115 |      75 |  39.5 |      15 |       4 |  21.1
        D:3 |     693 |      80 |  10.3 |      53 |       2 |   3.6
        D:4 |     196 |       0 |   0.0 |      14 |       0 |   0.0
        D:5 |     782 |      16 |   2.0 |      28 |       1 |   3.4
        D:6 |     733 |     175 |  19.3 |      24 |       1 |   4.0
        D:7 |    2073 |       1 |   0.0 |      34 |       1 |   2.9
        D:8 |    1264 |    1167 |  48.0 |      39 |       5 |  11.4
        D:9 |    1647 |     650 |  28.3 |      15 |      11 |  42.3
            +---------+---------+-------+---------+---------+-------
